 Dungeon Crawl Stone Soup version 0.20.2-3-g29329e0561 (webtiles) character file.

378 Alfie the Shield-Bearer (level 6, -5/53 HPs)
             Began as a Minotaur Fighter on Nov 24, 2020.
             Killed by divine providence
             ... invoked by an orc priest
              (11 damage)
             ... on level 4 of the Dungeon.
             The game lasted 00:05:59 (2243 turns).

Alfie the Shield-Bearer (Minotaur Fighter)          Turns: 2243, Time: 00:06:00

Health: -5/53      AC:  8    Str: 22    XL:     6   Next: 45%
Magic:  5/5        EV:  8    Int:  5    God:
Gold:   97         SH: 10    Dex: 10    Spells: 5/5 levels left

rFire    . . .     SeeInvis .   a - +0 long sword
rCold    . . .     Gourm    .   c - +0 shield
rNeg     . . .     Faith    .   b - +0 scale mail
rPois    .         Spirit   .   (helmet restricted)
rElec    .         Reflect  .   (no cloak)
rCorr    .         Harm     .   u - +0 pair of gloves
MR       .....                  (no boots)
Stlth    ..........             (no amulet)
Regen    0.2/turn               (no ring)
MPRegen  0.1/turn               (no ring)

@: lethally poisoned (-5 -> -7)
A: retaliatory headbutt, horns 2
a: no special abilities


You were on level 4 of the Dungeon.
You were not hungry.

You visited 1 branch of the dungeon, and saw 4 of its levels.

You collected 97 gold pieces.

Inventory:

Hand Weapons
 a - a +0 long sword (weapon)
Armour
 b - a +0 scale mail (worn)
 c - a +0 shield (worn)
 u - a +0 pair of gloves (worn)
Jewellery
 p - an uncursed ring of poison resistance {unknown}
 q - the ring of Usitwuc {rCorr Str+2, unknown}
   (You found it on level 4 of the Dungeon)

   [ring of resist corrosion]

   It affects your strength (+2).
 t - an uncursed amulet of magic regeneration {unknown}
 w - a +4 ring of intelligence {unknown}
 y - an uncursed ring of stealth {unknown}
Wands
 v - a wand of flame (15/48)
Scrolls
 e - 3 scrolls of remove curse
 i - a scroll of fear {unknown}
 k - a scroll of magic mapping {unknown}
 m - 2 scrolls of fog
 o - a scroll of amnesia
 x - a scroll of teleportation
Potions
 d - a potion of degeneration {unknown}
 g - 2 potions of invisibility {unknown}
 j - a potion of ambrosia {unknown}
 l - a potion of haste {unknown}
 n - 4 potions of lignification {unknown}
 s - a potion of mutation {unknown}
Books
 r - a book of Minor Magic

   Spells                             Type                      Level
   a - Magic Dart                     Conjuration                  1
   b - Blink                          Translocation                2
   c - Call Imp                       Summoning                    2
   d - Slow                           Hexes                        2
   e - Conjure Flame                  Conjuration/Fire             3
   f - Mephitic Cloud                 Conjuration/Poison/Air       3
Comestibles
 f - 2 bread rations
 h - 5 royal jellies


   Skills:
 + Level 4.5 Fighting
 + Level 4.8 Long Blades
 + Level 5.3 Armour
 + Level 0.9 Dodging
 + Level 0.1 Stealth
 + Level 5.7 Shields


You had 5 spell levels left.
You didn't know any spells.

Dungeon Overview and Level Annotations

Branches:
Dungeon (4/15)
 Temple: D:4-7

Altars:
Cheibriados
The Shining One


Innate Abilities, Weirdness & Mutations

You reflexively headbutt those who attack you in melee.
You have a pair of horns on your head.


Message History

The orc wizard hits you but does no damage.
You are poisoned.
You closely miss the orc wizard. Your headbutt misses the orc wizard.
The orc wizard is almost dead.
You feel sick. The orc wizard casts a spell at you. The magic dart hits you!
* * * LOW HITPOINT WARNING * * *
You hit the orc wizard.
You kill the orc wizard!
You feel sick. You block the orc's attack.
You barely miss the orc priest.
The orc priest hits you with a hand axe.
* * * LOW HITPOINT WARNING * * *
The orc hits you but does no damage. You block the orc priest's attack.
You closely miss the orc priest.
You feel sick. The orc hits you but does no damage.
The orc priest calls down the wrath of Beogh upon you.
Beogh smites you!
You die...

#. ... #. ... #. #..
#. #.# #. ###.# .# #.
#...###.# ######.
#..o.##.######......
#.o@(##.##.........#
####..#.##.###.###.#
####.#.##.#..<#.#.#
#......##.#.#.#.#.#
#.##...##.#.....#..
####'##...##.#########
#.....#...............
#.....###.##.#########
#.....# #.##.# #


You could see an orc priest and an orc.

Vanquished Creatures
  Sigmund (D:2)
  An orc wizard (D:4)
  3 adders
  6 gnolls (D:3)
  2 oozes
  A worm (D:3)
  A dart slug (D:3)
  4 leopard geckos
  5 orcs (D:3)
  2 giant cockroaches
  5 goblins
  7 hobgoblins
  7 jackals
  6 kobolds
  2 ball pythons (D:3)
  11 bats
  5 frilled lizards
  A jackal zombie (D:3)
  8 rats
78 creatures vanquished.

Notes
Turn   | Place    | Note
-------+----------+-------------------------------------------
     0 | D:1      | Alfie the Minotaur Fighter began the quest for the Orb.
     0 | D:1      | Reached XP level 1. HP: 19/19 MP: 0/0
   143 | D:1      | Reached XP level 2. HP: 22/27 MP: 1/1
   640 | D:2      | Reached XP level 3. HP: 33/33 MP: 2/2
   706 | D:2      | Found a snail-covered altar of Cheibriados.
   782 | D:2      | Noticed Sigmund
   788 | D:2      | Killed Sigmund
   788 | D:2      | Reached skill level 5 in Armour
   788 | D:2      | Reached skill level 5 in Shields
   788 | D:2      | Reached XP level 4. HP: 40/40 MP: 3/3
   788 | D:2      | Reached XP level 5. HP: 46/46 MP: 4/4
  1026 | D:2      | Found a glowing golden altar of the Shining One.
  1383 | D:3      | Found a faded altar of an unknown god.
  1540 | D:3      | Reached XP level 6. HP: 51/53 MP: 5/5
  2045 | D:4      | Got a transparent ivory ring
  2243 | D:4      | Killed from afar by an orc priest

Skill      XL: |  1  2  3  4  5 |
---------------+----------------+-----
Fighting       | 4 |  4.5
Armour         | 4 5 |  5.3
Long Blades    | 3 4 |  4.8
Shields        | 5 |  5.7
Dodging        | |  0.9
Stealth        | |  0.1

Action                   |  1- 3 |  4- 6 || total
-------------------------+-------+-------++-------
Melee: Long sword        |    41 |   116 ||   157
       Headbutt          |     6 |    24 ||    30
  Use: Potion            |     1 |       ||     1
       Scroll            |       |     6 ||     6
  Eat: Bread ration      |       |     1 ||     1
Armor: Scale mail        |    23 |    55 ||    78
Dodge: Dodged            |    24 |    41 ||    65
Block: Shield            |    38 |    74 ||   112
       Rpst.: Long sword |     9 |     9 ||    18
